 Dungeon Crawl Stone Soup version 0.21.1-1-g345015f (webtiles) character file.

6575 incogguy the Cleaver (level 11, -1/101 HPs)
             Began as a Hill Orc Berserker on Feb 14, 2018.
             Was a High Priest of Trog.
             Slain by a wyvern skeleton (6 damage)
             ... on level 10 of the Dungeon.
             The game lasted 00:20:43 (9590 turns).

incogguy the Cleaver (Hill Orc Berserker)           Turns: 9590, Time: 00:20:44

Health: -1/101     AC: 14    Str: 24    XL:     11   Next: 1%
Magic:  0/11       EV:  7    Int:  9    God:    Trog [*****.]
Gold:   386        SH:  0    Dex: 10    Spells: 10/10 levels left

rFire    . . .     SeeInvis .   w - +0 battleaxe
rCold    . . .     Gourm    .   (shield currently unavailable)
rNeg     . . .     Faith    .   f - +0 chain mail
rPois    .         Spirit   +   e - +1 helmet
rElec    .         Reflect  .   n - scarf {Spirit}
rCorr    .         Harm     .   d - +2 pair of gloves
MR       .....                  x - +0 pair of boots
Stlth    ..........             (no amulet)
HPRegen  0.26/turn              r - ring of stealth
MPRegen  0.12/turn              y - +2 ring of intelligence

@: berserk cooldown, very slightly contaminated, extremely drained
A: no striking features
a: Berserk, Trog's Hand, Brothers in Arms, Burn Spellbooks, Renounce Religion


You were on level 10 of the Dungeon.
You worshipped Trog.
Trog was extremely pleased with you.
You were near starving.

You visited 1 branch of the dungeon, and saw 10 of its levels.
You also visited: Sewer.

You collected 578 gold pieces.
You spent 192 gold pieces at shops.

Inventory:

Hand Weapons
 w - a +0 battleaxe (weapon)
Armour
 d - a +2 pair of gloves (worn)
 e - a +1 helmet (worn)
 f - a +0 chain mail (worn)
 n - a scarf of spirit shield (worn)
 x - a +0 pair of boots (worn)
Jewellery
 r - a ring of stealth (left hand)
 y - a +2 ring of intelligence (right hand)
Scrolls
 g - 2 scrolls of fog
 h - a scroll of blinking
 k - 4 scrolls of identify
 l - 2 scrolls of teleportation
 q - 7 scrolls of remove curse
 t - 2 scrolls of enchant weapon
Potions
 b - 2 potions of mutation
 i - a potion of agility
 m - a potion of curing
 o - a potion of ambrosia
 p - 3 potions of lignification
 s - 2 potions of invisibility
 u - a potion of flight
Books
 v - a book of Cantrips

   Spells                             Type                      Level
   a - Confusing Touch                Hexes                        1
   b - Animate Skeleton               Necromancy                   1
   c - Summon Small Mammal            Summoning                    1
   d - Apportation                    Translocation                1
   Trog disapproves of the use of such an item.
Comestibles
 c - 13 rations


   Skills:
 + Level 10.4(0.0) Fighting
 * Level 14.8(0.0) Axes
 + Level 9.3(0.0) Armour
 - Level 1.5(0.0) Dodging


You had 10 spell levels left.
You didn't know any spells.

Dungeon Overview and Level Annotations

Branches:
Dungeon (10/15)            Temple (0/1) D:7            Lair (0/6) D:9
    Orc: D:9-12

Altars:
Ashenzari
Dithmenos
The Shining One

Shops:
D:4 !

Annotations:
D:10 Sonja


Message History

Something hits you but does no damage.
The two-headed ogre hits you with a giant club.
* * * LOW HITPOINT WARNING * * *
The two-headed ogre hits you with a giant club.
* * * LOW HITPOINT WARNING * * *
Sonja gestures wildly while chanting.
Sonja blinks!
Blink to where?
Press: ? - help, Dir - move target cursor
As you read the scroll of blinking, it crumbles to dust.
Your surroundings suddenly seem different.
A wyvern skeleton comes into view.
You start resting.
You slash the wyvern skeleton!
The wyvern skeleton is moderately damaged.
The wyvern skeleton barely misses you. x2
You slash the wyvern skeleton!
The wyvern skeleton is almost destroyed.
The wyvern skeleton bites you!
You die...

# #. ###Z#
#.....##
#.....#.#####.##
.......#@.......
#......Z#####.##
#.......#
#.###...# #...#
#.... .##.# ..
..# ### ..#


You could see a wyvern skeleton.

Vanquished Creatures
  2 two-headed ogres
  The ghost of Ajohnson the Fighter, a novice MfGl (D:6)
  A komodo dragon (D:9)
  Prince Ribbit (D:7)
  A troll (D:8)
  A hippogriff (D:9)
  A yak (D:8)
  A steam dragon (D:8)
  A hungry ghost (D:7)
  2 orc warriors (D:8)
  An ice beast (D:10)
  A black bear (D:9)
  6 ogres
  2 centaurs
  A phantom (D:4)
  9 bullfrogs
  A wyvern zombie (D:6)
  2 scorpions
  4 wights (D:9)
  4 howler monkeys
  5 crimson imps
  A quasit (D:8)
  A centaur zombie (D:4)
  4 jellies
  4 hounds
  2 orc priests
  A centaur skeleton (D:8)
  7 orc wizards
  A bullfrog skeleton (D:8)
  3 iguanas
  7 worker ants
  A hound zombie (D:9)
  A worker ant zombie (D:6)
  11 adders
  A shadow imp (D:9)
  A white imp (D:8)
  9 oozes
  An adder zombie (D:5)
  4 worms
  21 leopard geckos
  24 orcs
  8 bats
  12 giant cockroaches
  14 goblins
  8 hobgoblins
  16 jackals
  9 kobolds
  4 quokkas
  11 ball pythons
  13 frilled lizards
  A goblin skeleton (D:8)
  A goblin zombie (D:8)
  2 hobgoblin zombies (D:8)
  A jackal zombie (D:6)
  4 kobold skeletons (D:8)
  A kobold zombie (D:8)
  A leopard gecko zombie (D:6)
  An orc skeleton (D:8)
  An orc zombie (D:8)
  A quokka skeleton (D:4)
  A quokka zombie (D:7)
  9 rats
  19 plants (D:9)
291 creatures vanquished.

Vanquished Creatures (others)
  4 plants (D:9)
4 creatures vanquished.

Grand Total: 295 creatures vanquished

Notes
Turn   | Place    | Note
-------+----------+-------------------------------------------
     0 | D:1      | incogguy the Hill Orc Berserker began the quest for the Orb.
     0 | D:1      | Reached XP level 1. HP: 19/19 MP: 1/1
   219 | D:1      | Reached XP level 2. HP: 22/27 MP: 2/2
   529 | D:1      | Reached XP level 3. HP: 33/33 MP: 3/3
   962 | D:1      | Reached skill level 5 in Axes
  1032 | D:1      | Reached ** piety under Trog
  1424 | D:2      | Reached XP level 4. HP: 26/41 MP: 4/4
  1706 | D:2      | Reached XP level 5. HP: 47/47 MP: 5/5
  1890 | D:2      | Reached skill level 6 in Axes
  2382 | D:3      | Reached *** piety under Trog
  2745 | D:3      | Reached skill level 5 in Fighting
  2835 | D:4      | Reached XP level 6. HP: 56/56 MP: 6/6
  2973 | D:4      | Reached skill level 7 in Axes
  3005 | D:4      | Found Wiuce's Distillery.
  3199 | D:4      | Bought a potion of curing for 36 gold pieces
  3199 | D:4      | Bought a potion of heal wounds for 60 gold pieces
  3199 | D:4      | Bought a potion of invisibility for 96 gold pieces
  3303 | D:4      | Noticed a phantom
  3359 | D:4      | Killed a phantom
  3359 | D:4      | Reached XP level 7. HP: 39/61 MP: 7/7
  3500 | D:5      | Entered Level 5 of the Dungeon
  3518 | D:5      | Found a glowing drain.
  3536 | Sewer    | Entered a sewer
  3559 | Sewer    | Reached **** piety under Trog
  3596 | Sewer    | Reached skill level 8 in Axes
  3859 | Sewer    | Reached ***** piety under Trog
  3875 | Sewer    | Reached skill level 5 in Armour
  4192 | D:5      | Reached skill level 9 in Axes
  4278 | D:5      | Reached XP level 8. HP: 63/71 MP: 8/8
  4683 | D:6      | Found a glowing golden altar of the Shining One.
  4746 | D:6      | Reached skill level 10 in Axes
  5114 | D:6      | Noticed Ajohnson's ghost (novice MfGl)
  5142 | D:6      | Killed Ajohnson's ghost
  5142 | D:6      | Reached skill level 11 in Axes
  5142 | D:6      | Reached XP level 9. HP: 54/81 MP: 3/9
  5812 | D:7      | Found a shadowy altar of Dithmenos.
  5858 | D:7      | Noticed Prince Ribbit
  5867 | D:7      | Killed Prince Ribbit
  5867 | D:7      | Received a gift from Trog
  6084 | D:7      | Reached skill level 12 in Axes
  6199 | D:7      | Found a staircase to the Ecumenical Temple.
  6407 | D:8      | Found a glowing golden altar of the Shining One.
  6950 | D:8      | Found a shattered altar of Ashenzari.
  6969 | D:8      | Noticed a two-headed ogre
  7043 | D:7      | Killed a two-headed ogre
  7043 | D:7      | Reached skill level 13 in Axes
  7043 | D:7      | Reached XP level 10. HP: 91/91 MP: 8/10
  7885 | D:9      | Found a staircase to the Lair.
  8222 | D:9      | Reached skill level 14 in Axes
  8448 | D:9      | Found a runed door.
  8656 | D:9      | Noticed a two-headed ogre
  8685 | D:8      | Reached skill level 10 in Fighting
  8911 | D:8      | Killed a two-headed ogre
  9168 | D:8      | Reached XP level 11. HP: 38/101 MP: 4/11
  9438 | D:10     | Entered Level 10 of the Dungeon
  9460 | D:10     | Noticed Sonja
  9582 | D:10     | Noticed a two-headed ogre
  9584 | D:10     | HP: 4/101 [two-headed ogre/giant club (2)]
  9590 | D:10     | Slain by a wyvern skeleton

Skill      XL: |  1  2  3  4  5  6  7  8  9 10 |
---------------+-------------------------------+-----
Fighting       | 4 5 6 7 9 10 | 10.4
Axes           | 5 6 7 9 11 13 14 | 14.8
Armour         | 3 4 5 6 8 9 |  9.3
Dodging        | |  1.5

Action                   |  1- 3 |  4- 6 |  7- 9 | 10-12 || total
-------------------------+-------+-------+-------+-------++-------
Melee: Hand axe          |   179 |   242 |   497 |   364 ||  1282
       Battleaxe         |       |       |       |    76 ||    76
Invok: Berserk           |     2 |     1 |     3 |     4 ||    10
       Burn Spellbooks   |       |       |     4 |       ||     4
  Use: Scroll            |     4 |     6 |     5 |     4 ||    19
       Potion            |       |     4 |       |     4 ||     8
  Eat: Chunk             |     3 |     7 |    18 |     8 ||    36
       Ration            |       |       |       |     1 ||     1
Armor: Chain mail        |   132 |   121 |   301 |   372 ||   926
Dodge: Dodged            |    87 |   103 |   225 |   189 ||   604
